 Dungeon Crawl Stone Soup version 0.27-a0-797-g27d10ad80f (webtiles) character file.

Game seed: 12453255169497510734

1274 porpoise the Conjurer (level 8, -13/49 HPs)
             Began as a Deep Elf Conjurer on Mar 28, 2021.
             Mangled by a hornet (16 damage)
             ... on level 4 of the Dungeon.
             The game lasted 00:17:13 (5620 turns).

porpoise the Conjurer (Deep Elf Conjurer)           Turns: 5620, Time: 00:17:16

Health: -13/49     AC:  2    Str:  4    XL:     8   Next: 28%
Magic:  10/17      EV: 12    Int: 26    God:
Gold:   232        SH:  0    Dex: 13    Spells: 1/17 levels left

rFire    . . .     SeeInvis .   b - +0 hunting sling (flame)
rCold    . . .     Faith    .   (no shield)
rNeg     . . .     Spirit   .   d - +0 robe
rPois    .         Reflect  .   (no helmet)
rElec    .         Harm     .   (no cloak)
rCorr    .         Rampage  .   (no gloves)
Will     .....                  (no boots)
Stlth    ++........             e - amulet of regeneration
HPRegen  1.16/turn              (no ring)
MPRegen  0.15/turn              (no ring)

@: slowed, very slow
A: no striking features
a: no special abilities


You were on level 4 of the Dungeon.
You visited 1 branch of the dungeon, and saw 5 of its levels.
You also visited: Sewer.

You collected 232 gold pieces.

Inventory:

Hand Weapons
 a - a +4 hand axe
 b - a +0 hunting sling of flaming (weapon)
Missiles
 c - 163 stones
 h - 4 boomerangs of dispersal
 i - 4 sling bullets (quivered ammo)
 q - 5 javelins
 u - 15 poisoned darts
 v - a curare-tipped dart
 y - 4 atropa-tipped darts
Armour
 d - a +0 robe (worn)
Jewellery
 e - an amulet of regeneration (around neck)
 o - a ring of ice
Scrolls
 f - 2 scrolls of teleportation
 g - 4 scrolls of noise
 n - a scroll of magic mapping
 r - a scroll of amnesia
Potions
 j - 7 potions of curing
 k - 3 potions of haste
 l - 3 potions of might
 m - a potion of mutation
 p - 3 potions of flight
 s - a potion of cancellation {unknown}
 t - a potion of brilliance {unknown}
 w - 2 potions of magic
 x - 2 potions of heal wounds {unknown}


   Skills:
 - Level 5.0 Fighting
 + Level 2.6 Dodging
 - Level 2.4 Stealth
 - Level 5.0 Spellcasting
 - Level 7.0 Conjurations
 - Level 5.0 Hexes
 + Level 3.5 Translocations


You had one spell level left.
You knew the following spells:

 Your Spells              Type           Power      Damage    Failure   Level
a - Magic Dart            Conj           100%       1d8       1%          1
b - Searing Ray           Conj           84%        3d6       1%          2
c - Fulminant Prism       Conj/Hex       18%        3d11      6%          4
d - Iskenderun's Mystic   Conj/Tloc      33%        2d8       9%          4
k - Blink                 Tloc           N/A        N/A       2%          2
m - Mephitic Cloud        Conj/Pois/Air  18%        N/A       9%          3

Your spell library contained the following spells:

 Spells                   Type           Power      Damage    Failure   Level
 Summon Small Mammal      Summ           24%        N/A       8%          1
 Slow                     Hex            32%        N/A       1%          2
 Dazzling Flash           Conj/Hex       74%        N/A       1%          3
 Conjure Flame            Conj/Fire      24%        6-21      5%          3
 Summon Guardian Golem    Hex/Summ       19%        N/A       9%          3
 Call Imp                 Summ           6%         N/A       12%         2
 Call Canine Familiar     Summ           6%         N/A       22%         3
 Summon Ice Beast         Ice/Summ       6%         N/A       58%         4
 Summon Lightning Spire   Summ/Air       6%         N/A       58%         4


Dungeon Overview and Level Annotations

Branches:
Dungeon (5/15)              Sewer (visited)
 Temple: D:4-7

Altars:
Trog

Annotations:
D:4 hornet


Message History

Press: ? - help, Shift-Dir - straight line, f/p - gnoll
Aim: a gnoll, wielding a +0 spear (moderately wounded, 16% to evade)
The searing ray hits the gnoll!
You kill the gnoll! (Press . to maintain the ray.)
You start resting.
A hornet is nearby!
You shoot a sling bullet.
The sling bullet hits the hornet but does no damage.
Casting: Searing Ray (safe; 1% risk of failure)
Confirm with . or Enter, or press ? or * to list all spells.
You can't see any susceptible monsters within range! (Use Z to cast anyway.)
Casting: Searing Ray (safe; 1% risk of failure)
Confirm with . or Enter, or press ? or * to list all spells.
Aiming: Fulminant Prism (dangerous; 6% risk of failure)
Press: ? - help, Dir - move target, p - hornet You conjure a prism of explosive energy!
A fulminant prism comes into view.
Casting: Fulminant Prism (dangerous; 6% risk of failure)
Confirm with . or Enter, or press ? or * to list all spells.
Aiming: Searing Ray (safe; 1% risk of failure)
Press: ? - help, Shift-Dir - straight line, f - hornet
Aim: a hornet (ally target, 27% to evade)
The searing ray misses the hornet. (Press . to maintain the ray.)
Your fulminant prism crackles loudly.
The searing ray misses the hornet.
The hornet stings you!
You suddenly lose the ability to move!
Your fulminant prism explodes!
The blast of energy engulfs the hornet!!
The hornet is severely wounded.
The hornet stings you!
You feel yourself slow down.
You can move again.
The hornet stings you!
You feel as though you will be slow longer.
The hornet stings you!
* * * LOW HITPOINT WARNING * * *
You feel as though you will be slow longer.
The hornet stings you!
You die...

....### #.......#.....#
....# #.#(((.###....#
....#######.#.#.(...#...###
.....)..........(..#.#..#
...########.#.#.)รท##.##.#
#### #.).#[..#.#
#....###..# #.y.#...#.#
##@.##.##... ##..###..###
##.....## #######


You could see a hornet.

Vanquished Creatures
  Sigmund (D:4)
  A steam dragon (D:4)
  A water moccasin (D:5)
  2 orc warriors
  A necrophage (D:5)
  An ogre (D:5)
  2 kobold brigands (Sewer)
  A bullfrog zombie (D:5)
  An iguana (D:5)
  Terence (D:3)
  An orc wizard (D:5)
  A hound zombie (D:5)
  3 gnolls (D:4)
  9 adders
  2 river rats
  A shadow imp (D:5)
  A white imp (D:5)
  An adder skeleton (D:4)
  2 worms
  5 dart slugs
  10 orcs
  8 ball pythons
  3 bats
  3 endoplasms
  2 giant cockroaches
  6 hobgoblins
  2 jackals (D:3)
  4 quokkas
  10 frilled lizards
  5 goblins
  13 kobolds
  5 rats
109 creatures vanquished.

Vanquished Creatures (others)
  3 fulminant prisms (D:4)
  3 plants (D:1)
6 creatures vanquished.

Grand Total: 115 creatures vanquished

Notes
Turn   | Place    | Note
-------+----------+-------------------------------------------
     0 | D:1      | porpoise the Deep Elf Conjurer began the quest for the Orb.
     0 | D:1      | Reached XP level 1. HP: 10/10 MP: 6/6
   209 | D:1      | Reached XP level 2. HP: 15/15 MP: 3/8
   255 | D:1      | Learned a level 2 spell: Searing Ray
   690 | D:1      | Reached skill level 5 in Conjurations
   690 | D:1      | Reached XP level 3. HP: 19/19 MP: 4/10
  2649 | D:3      | Noticed Terence
  2654 | D:3      | Killed Terence
  2655 | D:3      | Reached XP level 4. HP: 17/24 MP: 4/12
  2666 | D:3      | Learned a level 4 spell: Fulminant Prism
  2671 | D:3      | Learned a level 4 spell: Iskenderun's Mystic Blast
  2848 | D:4      | Reached skill level 5 in Spellcasting
  3179 | D:4      | Noticed an orc warrior
  3194 | D:4      | Killed an orc warrior
  3195 | D:4      | Reached skill level 1 in Fighting
  3195 | D:4      | Reached skill level 6 in Conjurations
  3195 | D:4      | Reached XP level 5. HP: 13/30 MP: 4/14
  3307 | D:4      | Noticed a hornet
  3439 | D:5      | Entered Level 5 of the Dungeon
  3619 | D:5      | Found a bloodstained altar of Trog.
  3754 | D:5      | Noticed a water moccasin
  3757 | D:5      | Killed a water moccasin
  3758 | D:5      | Reached XP level 6. HP: 36/36 MP: 10/15
  3758 | D:5      | Found a glowing drain.
  3925 | Sewer    | Entered a sewer
  4023 | Sewer    | Reached skill level 7 in Conjurations
  4026 | Sewer    | Reached skill level 1 in Hexes
  4146 | Sewer    | Reached XP level 7. HP: 38/41 MP: 10/16
  4194 | Sewer    | Learned a level 2 spell: Blink
  4198 | Sewer    | Learned a level 3 spell: Mephitic Cloud
  5343 | D:5      | Reached skill level 5 in Hexes
  5430 | D:4      | Noticed Sigmund
  5442 | D:4      | Noticed a steam dragon
  5450 | D:4      | Killed a steam dragon
  5451 | D:4      | Reached skill level 1 in Translocations
  5451 | D:4      | Reached XP level 8. HP: 14/48 MP: 7/17
  5479 | D:4      | Killed Sigmund
  5480 | D:4      | Reached skill level 5 in Fighting
  5618 | D:4      | Paralysed by a hornet for 2 turns
  5620 | D:4      | Mangled by a hornet

Illustrated notes

Levels and vault maps discovered:
D:1:      shiori_arrival_elements, layout_rooms, serial_forest,
          infiniplex_forest_clump_small, infiniplex_forest_clump_large,
          infiniplex_forest_3_way, infiniplex_forest_lined_2,
          infiniplex_forest_clump_double, infiniplex_forest_straight_1,
          infiniplex_forest_end_2, minmay_lizard_pond
D:2:      layout_loops_ring
D:3:      layout_basic, kennysheep_cluttered_room, uniq_terence
D:4:      layout_basic, minmay_ruptured, uniq_sigmund
D:5:      layout_basic, general_overflow_altar, portal_sewer_entry_a,
          serial_bayou_pond_d

Skill      XL: |  1  2  3  4  5  6  7  8 |
---------------+-------------------------+-----
Spellcasting   | 4 5 |  5.0
Conjurations   | 5 6 7 |  7.0
Fighting       | 1 2 3 4 5 |  5.0
Hexes          | 1 5 |  5.0
Translocations | 1 3 |  3.5
Dodging        | |  2.6
Stealth        | |  2.4

Action                   |  1- 3 |  4- 6 |  7- 9 || total
-------------------------+-------+-------+-------++-------
 Fire: Hunting sling     |       |    19 |    20 ||    39
 Cast: Magic Dart        |    66 |     6 |     2 ||    74
       Searing Ray       |     7 |    23 |    25 ||    55
       Fulminant Prism   |       |       |     3 ||     3
  Use: Scroll            |       |    10 |     2 ||    12
       Potion            |       |       |     4 ||     4
Armor: Robe              |       |     1 |       ||     1
Dodge: Dodged            |     3 |    18 |    13 ||    34

Table legend: (Time is in decaauts)
 A = Elapsed time spent in this place.
 B = Non-inter-level travel time spent in this place.
 C = Inter-level travel time spent in this place.
 D = Time resting spent in this place.
 E = Time spent auto-exploring this place.
 F = Levels seen in this place.
 G = Mean time per level.
                   A        B        C        D        E       F      G
               +--------+--------+--------+--------+--------+-----+--------+
         Total |   5703 |   5545 |    158 |   1781 |   2912 |   6 |  950.5 |
       Dungeon |   4883 |   4725 |    158 |   1356 |   2701 |   5 |  976.6 |
         Sewer |    820 |    820 |      0 |    425 |    210 |   1 |  820.0 |
               +--------+--------+--------+--------+--------+-----+--------+

Top non-repeatable levels by time:
     D:5: 1188 daAuts
     D:1: 1072 daAuts
     D:3: 941 daAuts
     D:4: 904 daAuts
   Sewer: 820 daAuts
     D:2: 776 daAuts
